 Dungeon Crawl Stone Soup version 0.28-a0-1389-gc726bef33b (webtiles) character file.

Game seed: 8977066625771038503

41097 masacerus the Tortoise (level 13, -17/125 HPs)
             Began as a Minotaur Berserker on Jan 3, 2022.
             Was an Elder of Trog.
             Demolished by an orc knight (25 damage)
             ... on level 14 of the Dungeon.
             The game lasted 01:09:31 (18690 turns).

masacerus the Tortoise (Minotaur Berserker)        Turns: 18690, Time: 01:09:32

Health: -17/125    AC: 29    Str: 26    XL:     13   Next: 78%
Magic:  12/12      EV:  9    Int:  4    God:    Trog [****..]
Gold:   1481       SH:  0    Dex: 11    Spells: 12/12 levels left

rFire   + . .      SeeInvis .   y - +10 quarterstaff "Qyor Vos" {vorpal, rF+}
rCold   . . .      Faith    +   (shield currently unavailable)
rNeg    . . .      Spirit   .   a - +1 plate armour
rPois   .          Reflect  .   m - +1 hat {Stlth+}
rElec   .          Harm     .   K - +2 cloak {rCorr}
rCorr   +          Rampage  .   (no gloves)
Will    ++...                   q - +0 pair of boots
Stlth   ..........              D - amulet of faith
HPRegen 1.30/turn               o - +4 ring of protection
MPRegen 0.13/turn               (no ring)

@: strong-willed, on berserk cooldown, regenerating
A: horns 2, retaliatory headbutt
a: Renounce Religion, Berserk, Trog's Hand, Brothers in Arms


You were on level 14 of the Dungeon.
You worshipped Trog.
Trog was greatly pleased with you.
You visited 2 branches of the dungeon, and saw 17 of its levels.

You collected 1481 gold pieces.

Inventory:

Hand Weapons
 j - a +4 quarterstaff of chaos
 l - a +0 shortbow of freezing
 t - a +2 lajatang of electrocution
 y - the +10 quarterstaff "Qyor Vos" (weapon) {vorpal, rF+}
   (You acquired it on level 11 of the Dungeon)

   It inflicts extra damage upon your enemies.
   rF:        It protects you from fire.
 C - a +2 shortbow of flaming
 F - a +1 hand crossbow of freezing
 P - a +4 falchion of holy wrath
 R - the +5 quarterstaff "Jallasac" {antimagic, rC+}
   (You took it off a vampire on level 7 of the Dungeon)

   It reduces the magical energy of the wielder, and disrupts the spells and
   magical abilities of those it strikes.
   Natural abilities and divine invocations are not affected.
   rC:        It protects you from cold.
Missiles
 d - 691 arrows
 k - 485 stones (quivered)
 G - 133 bolts
 J - 3 throwing nets
Armour
 a - a +1 plate armour (worn)
 m - a +1 hat of stealth (worn)
 q - a +0 pair of boots (worn)
 K - a +2 cloak of preservation (worn)
Jewellery
 i - a ring of fire
 o - a +4 ring of protection (left hand)
 A - a ring of positive energy
 D - an amulet of faith (around neck)
Wands
 e - a wand of iceblast (3)
 f - a wand of digging (17)
 H - a wand of flame (42)
 S - a wand of polymorph (4)
 Y - a wand of charming (9)
Scrolls
 c - 7 scrolls of teleportation
 p - 4 scrolls of enchant weapon
 r - a scroll of magic mapping
 w - 8 scrolls of identify
 x - a scroll of fear
 B - a scroll of blinking
 Q - 3 scrolls of fog
Potions
 b - 2 potions of ambrosia {unknown}
 g - 2 potions of cancellation {unknown}
 h - 5 potions of heal wounds
 n - a potion of resistance
 s - 4 potions of mutation
 u - 5 potions of curing
 v - 2 potions of might
 L - a potion of flight
 Z - 5 potions of haste


   Skills:
 + Level 14.8 Fighting
 + Level 6.7 Long Blades
 + Level 16.5 Staves
 + Level 2.0 Bows
 + Level 16.6 Armour
 + Level 4.4 Dodging
 + Level 2.1 Stealth


You had 12 spell levels left.
You didn't know any spells.
Your spell library was empty.

Dungeon Overview and Level Annotations

Branches:
Dungeon (14/15)            Temple (0/1) D:6            Lair (3/6) D:8
  Snake (0/4) Lair:2       Spider (0/4) Lair:2          Orc (0/2) D:9
 Vaults (0/5) D:14

Altars:
Elyvilon
Gozag
Kikubaaqudgha
Makhleb
Okawaru
Qazlal
Ru
Uskayaw
Zin

Shops:
D:12 *

Annotations:
Lair:1 exclusion: 2 oklob plants
Lair:3 1 transporter


Innate Abilities, Weirdness & Mutations

You have a pair of horns on your head.
You reflexively headbutt those who attack you in melee.


Message History

a +0 arbalest; a yaktaur skeleton
Things that are here:
a +0 dagger; a +0 robe; a human skeleton You open the door. 2 orc knights come into view.
The orc knight shouts!
The orc knight roars a battlecry!
The orc knight goes into a battle-frenzy!
The orc knight roars a battlecry!
The orc knight goes into a battle-frenzy!
Found a gate to the Vaults.
You sock the orc knight!
You headbutt the orc knight, but do no damage.
The orc knight is moderately wounded.
Your skin crawls.
You feel strong-willed.
The orc knight hits you with a +0 long sword!!
The orc knight hits you with a +0 great mace!
The orc knight hits you with a +0 long sword.
The orc knight barely misses you.
There is an open door, spattered with blood here.
You bludgeon the orc knight!!
You headbutt the orc knight, but do no damage.
The orc knight is moderately wounded.
The orc knight hits you with a +0 long sword!
You bludgeon the orc knight!!
The orc knight is almost dead.
The orc knight hits you with a +0 great mace!!
The orc knight hits you but does no damage.
You thump the orc knight!
The orc knight is almost dead.
The orc knight hits you with a +0 great mace!!!
* * * LOW HITPOINT WARNING * * *
The orc knight hits you but does no damage.
You thump the orc knight!
You kill the orc knight!
Trog accepts your kill.
You feel yourself speed up.
The orc knight hits you with a +0 long sword!!
You die...

##### #⌠.⌠# #.∩.#
#⌠)⌠#
########@########
#[.....o........#
#...............#
#.......).).....#
##'####.#)####'##
#.).# #...# #...#
#.).# #..)# #)).#
#...# #...# #...#
.###..###'''###..##


You could see an orc knight (strong).

Vanquished Creatures
  Gastronok (D:9)
  Erolcha (D:10)
  3 vault guards (D:14)
  5 hydras
  2 boulder beetles
  5 centaur warriors
  The ghost of Iidacon the Basher, a journeyman KoBe of Trog (Lair:2)
  A tengu warrior (D:14)
  The ghost of Gargoyl the Fighter, a novice GnAK of Lugonu (D:9)
  2 wizards (D:14)
  2 deep elf pyromancers
  An orc knight (D:14)
  7 ugly things
  4 manticores
  A cyclops (D:12)
  2 black mambas
  A guardian serpent (D:13)
  A gargoyle (D:13)
  Maurice (D:11)
  A rime drake (Lair:1)
  Psyche (D:10)
  3 cane toads
  An unseen horror (D:12)
  A komodo dragon (Lair:1)
  2 kobold demonologists
  2 tengu conjurers (D:14)
  2 yaktaurs (D:14)
  4 trolls
  5 slime creatures
  A hornet (D:7)
  A dream sheep (shapeshifter) (D:14)
  A jumping spider (Lair:2)
  2 shadows
  7 wraiths
  2 vampires
  Sigmund (D:2)
  2 wyverns
  13 yaks
  2 steam dragons
  6 vampire mosquitoes (D:12)
  Grum (D:8)
  A redback (Lair:2)
  Menkaure (D:4)
  3 acid dragons
  7 water moccasins
  2 nagas (Lair:2)
  A floating eye (Lair:1)
  9 orc warriors
  2 black bears
  3 sky beasts
  4 ice beasts
  20 centaurs
  9 wolves
  2 phantoms
  2 kobold brigands
  Blork the orc (D:5)
  5 bullfrogs
  4 scorpions
  2 gnoll sergeants
  21 killer bees
  3 wights (D:7)
  An electric eel (Lair:2)
  5 howler monkeys
  5 centaur zombies
  3 jellies
  4 gnoll shamans
  4 hounds
  6 orc priests
  A bullfrog skeleton (D:5)
  Crazy Yiuf (D:2)
  Jessica (D:3)
  3 iguanas
  10 orc wizards
  A hound skeleton (D:4)
  A howler monkey zombie (D:9)
  17 gnolls
  5 adders
  4 shadow imps
  An adder skeleton (D:4)
  A worm (D:2)
  4 dart slugs
  47 orcs
  8 ball pythons
  7 bats
  7 endoplasms
  2 giant cockroaches
  5 goblins (D:1)
  7 hobgoblins
  15 jackals
  2 quokkas
  18 kobolds
  5 rats
406 creatures vanquished.

Vanquished Creatures (collateral kills)
  An ogre (D:11)
  An orc priest (D:11)
  3 orcs (D:11)
5 creatures vanquished.

Vanquished Creatures (others)
  A human (D:9)
  2 fungi
  51 plants
  2 withered plants (Lair:2)
56 creatures vanquished.

Grand Total: 467 creatures vanquished

Notes
Turn   | Place    | Note
-------+----------+-------------------------------------------
     0 | D:1      | masacerus the Minotaur Berserker began the quest for the
                  | Orb.
     0 | D:1      | Reached XP level 1. HP: 19/19 MP: 0/0
    24 | D:1      | Found a faded altar of an unknown god.
   153 | D:1      | Reached XP level 2. HP: 24/27 MP: 1/1
   632 | D:1      | Reached XP level 3. HP: 33/33 MP: 2/2
  1097 | D:2      | Reached ** piety under Trog
  1105 | D:2      | Reached skill level 5 in Long Blades
  1105 | D:2      | Reached XP level 4. HP: 41/41 MP: 3/3
  1224 | D:2      | Found a runed translucent door.
  1225 | D:2      | Noticed Crazy Yiuf
  1394 | D:2      | Noticed Sigmund
  1399 | D:2      | Killed Sigmund
  1400 | D:2      | Reached skill level 5 in Fighting
  1400 | D:2      | Reached XP level 5. HP: 48/48 MP: 4/4
  1962 | D:2      | Killed Crazy Yiuf
  1963 | D:2      | Reached XP level 6. HP: 55/55 MP: 5/5
  2331 | D:3      | Noticed Jessica
  2338 | D:3      | Killed Jessica
  3032 | D:4      | Noticed Menkaure
  3042 | D:4      | Killed Menkaure
  3043 | D:4      | Reached skill level 1 in Staves
  3280 | D:4      | Reached *** piety under Trog
  3406 | D:4      | Found a white marble altar of Elyvilon.
  3775 | D:4      | Found a glowing silver altar of Zin.
  3954 | D:4      | Reached XP level 7. HP: 59/62 MP: 6/6
  3986 | D:5      | Entered Level 5 of the Dungeon
  4181 | D:5      | Noticed Blork the orc
  4185 | D:5      | Killed Blork the orc
  4396 | D:5      | Found a burning altar of Makhleb.
  4834 | D:6      | Reached skill level 5 in Staves
  4981 | D:6      | Reached XP level 8. HP: 67/68 MP: 7/7
  5119 | D:6      | Reached skill level 5 in Armour
  5258 | D:6      | Reached **** piety under Trog
  5477 | D:6      | Found a staircase to the Ecumenical Temple.
  6399 | D:7      | Reached XP level 9. HP: 79/79 MP: 8/8
  6534 | D:7      | Noticed a manticore
  6544 | D:7      | Killed a manticore
  6545 | D:7      | Reached skill level 10 in Staves
  6619 | D:7      | Identified the +5 quarterstaff "Jallasac" {antimagic, rC+}
  6642 | D:7      | Noticed a green ugly thing
  6716 | D:7      | Identified the +10 dagger of Ascent {venom, rF+ rC+ rN+}
  6730 | D:7      | Killed a green ugly thing
  6731 | D:7      | Reached XP level 10. HP: 90/90 MP: 9/9
  6787 | D:7      | Noticed a six-headed hydra
  6798 | D:7      | Killed an 11-headed hydra
  7134 | D:7      | Found an opulent altar of Gozag.
  8168 | D:8      | Found a staircase to the Lair.
  9021 | D:8      | Noticed Grum
  9026 | D:8      | Killed Grum
  9130 | Lair:1   | Entered Level 1 of the Lair of Beasts
  9196 | Lair:1   | Noticed a cane toad
  9207 | Lair:1   | Killed a cane toad
  9208 | Lair:1   | Reached XP level 11. HP: 99/99 MP: 10/10
  9284 | Lair:1   | Noticed an oklob plant
  9497 | Lair:1   | Reached skill level 10 in Fighting
  9529 | Lair:1   | Reached skill level 10 in Armour
  9712 | Lair:1   | Noticed an oklob plant
  9791 | Lair:2   | Found a staircase to the Snake Pit.
 10215 | Lair:2   | Noticed a seven-headed hydra
 10222 | Lair:2   | Killed a ten-headed hydra
 10329 | Lair:2   | Found a runed translucent door.
 10692 | Lair:2   | Found a hole to the Spider Nest.
 11086 | Lair:2   | Noticed Iidacon's ghost (journeyman KoBe)
 11099 | Lair:2   | Killed Iidacon's ghost
 11142 | Lair:3   | Found a transporter.
 11281 | Lair:1   | Paralysed by a floating eye for 3 turns
 11447 | D:9      | Found a runed translucent door.
 11447 | D:9      | Noticed Gargoyl's ghost (novice GnAK)
 11457 | D:9      | Noticed Gastronok
 11461 | D:9      | Killed Gargoyl's ghost
 11462 | D:9      | Reached skill level 15 in Staves
 11475 | D:9      | Killed Gastronok
 11476 | D:9      | Reached skill level 1 in Stealth
 11476 | D:9      | Reached XP level 12. HP: 111/111 MP: 11/11
 11653 | D:9      | Found a staircase to the Orcish Mines.
 11809 | D:9      | Found a sacrificial altar of Ru.
 11809 | D:9      | Found an iron altar of Okawaru.
 11815 | D:9      | Noticed a boulder beetle
 11843 | D:9      | Killed a boulder beetle
 12227 | D:9      | Found an ancient bone altar of Kikubaaqudgha.
 12439 | D:10     | Entered Level 10 of the Dungeon
 12667 | D:10     | Found a hide-covered altar of Uskayaw.
 12674 | D:10     | Noticed Erolcha
 12684 | D:10     | Killed Erolcha
 12960 | D:10     | Noticed Psyche
 12972 | D:10     | Killed Psyche
 13221 | D:11     | Noticed Maurice
 13246 | D:11     | Killed Maurice
 13270 | D:11     | Noticed an eight-headed hydra
 13278 | D:11     | Killed an 11-headed hydra
 13611 | D:11     | Identified a scroll of acquirement
 13611 | D:11     | Acquired the +10 quarterstaff "Qyor Vos" {vorpal, rF+}
 14528 | D:12     | Found Nievuc's Demolitions Depot.
 14776 | D:12     | Found a stormy altar of Qazlal.
 15500 | D:13     | Noticed a centaur warrior
 15507 | D:13     | Killed a centaur warrior
 15734 | D:13     | Noticed a boulder beetle
 15735 | D:13     | Noticed a centaur warrior
 15739 | D:13     | Noticed a centaur warrior
 15741 | D:13     | Killed a centaur warrior
 15742 | D:13     | Reached XP level 13. HP: 122/122 MP: 12/12
 15749 | D:13     | Reached skill level 15 in Armour
 17978 | D:14     | Reached skill level 1 in Bows
 17994 | D:14     | HP: 5/125 [white ugly thing (26)]
 17995 | D:14     | HP: 2/125 [white ugly thing (21)]
 18683 | D:14     | Found a gate to the Vaults.
 18690 | D:14     | Demolished by an orc knight

Illustrated notes

Levels and vault maps discovered:
D:1:      lightli_arrival_chessboard, layout_basic,
          hellmonk_ecumenical_altar_crossroads, minmay_cut_off
D:2:      layout_loops_corners, hangedman_decor_points, minmay_tetromino_s2,
          uniq_sigmund, uniq_crazy_yiuf_cottage
D:3:      layout_loops_corners, uniq_jessica
D:4:      layout_loops_ring, mainiacjoe_overflow_alcove_2, elyvilon_altar_1,
          serial_bayou, serial_bayou_pond_e, serial_bayou_lake_a,
          serial_bayou_lagoon_a, serial_bayou_ford_a, serial_bayou_pond_e,
          uniq_menkaure
D:5:      layout_basic, amcnicky_altar_gilded, grunt_ministairs_4,
          kennysheep_nub, uniq_blork_the_orc
D:6:      layout_basic, temple_green, hangedman_abyss_or_decor_passed
D:7:      minmay_the_grid_octo_tiled_octocenter [minmay_the_grid_octo_chip,
          minmay_the_grid_octo_fat_diamond, minmay_the_grid_octo_checkered,
          minmay_the_grid_octo_clover_2, minmay_the_grid_octo_prize_big_c,
          minmay_the_grid_square_5x5_intrusive_squares,
          minmay_the_grid_square_5x5_tetrominoes,
          minmay_the_grid_square_5x5_six_small,
          minmay_the_grid_square_5x5_minibox], layout_basic,
          kennysheep_little_box, minmay_misc_feat_tiny,
          nicolae_elevator_lobby_plus
D:8:      minmay_recursive_quarters, layout_basic, lair_entry_dummy,
          grunt_decor_resistance, uniq_grum
D:9:      layout_gridville, tgw_kikubaaqudgha, jmf_multi_god_temple,
          orc_0_dummy, gammafunk_ghost_grave, uniq_gastronok
D:10:     layout_basic, dancing_weapons_uskayaw, minmay_misc_feat_diagonals,
          uniq_psyche, uniq_erolcha
D:11:     layout_rooms, special_room [special_room_orc], uniq_maurice
D:12:     minmay_angry_zag, layout_loops_ring, nicolae_blasting_shop,
          nicolae_qazlal_style_of_elements
D:13:     layout_layer_cave, fake_guardian_serpent_vault
D:14:     layout_basic, grunt_vaults_entry_fortified
Lair:1:   layout_cave_shapes, disabler_island, uniq_sonja
Lair:2:   layout_hall_layers, minmay_snake_entry_guardpost_small,
          spider_nest_entry_funnel_web, gammafunk_ghost_grave,
          serial_bayou_lagoon_b
Lair:3:   layout_misc_corridors, gammafunk_ghost_arena

Skill      XL: |  1  2  3  4  5  6  7  8  9 10 11 12 13 |
---------------+----------------------------------------+-----
Fighting       | 4 5 6 7 8 9 11 13 14 | 14.8
Long Blades    | 4 5 6 |  6.7
Dodging        | 3 4 |  4.4
Armour         | 3 4 6 8 9 12 14 16 | 16.6
Staves         | 2 5 8 11 13 15 16 | 16.5
Stealth        | 1 2 |  2.1
Bows           | 2 |  2.0

Action                   |  1- 3 |  4- 6 |  7- 9 | 10-12 | 13-15 || total
-------------------------+-------+-------+-------+-------+-------++-------
Melee: Falchion          |    56 |    41 |       |       |       ||    97
       Headbutt          |     6 |    21 |    26 |    93 |    49 ||   195
       Lajatang          |       |    74 |   195 |   374 |       ||   643
       Quarterstaff      |       |       |       |   128 |   156 ||   284
 Fire: Shortbow          |       |       |       |       |     7 ||     7
Throw: Stone             |       |     1 |       |       |       ||     1
Invok: Berserk           |     5 |     4 |     8 |    33 |     7 ||    57
       Trog's Hand       |       |       |     2 |    11 |     6 ||    19
       Brothers in Arms  |       |       |     1 |     2 |       ||     3
  Use: Scroll            |       |       |       |    25 |       ||    25
       Potion            |       |       |       |     2 |     5 ||     7
 Stab: Invisible         |       |       |       |       |     1 ||     1
Armor: Animal skin       |    12 |       |       |       |       ||    12
       Plate armour      |       |    75 |   148 |   353 |   114 ||   690
Dodge: Dodged            |    44 |    45 |    61 |   202 |    74 ||   426

Table legend: (Time is in decaauts)
 A = Elapsed time spent in this place.
 B = Non-inter-level travel time spent in this place.
 C = Inter-level travel time spent in this place.
 D = Time resting spent in this place.
 E = Time spent auto-exploring this place.
 F = Levels seen in this place.
 G = Mean time per level.
                   A        B        C        D        E       F      G
               +--------+--------+--------+--------+--------+-----+--------+
         Total |  19114 |  19114 |      0 |   3991 |   9805 |  17 | 1124.4 |
       Dungeon |  16881 |  16881 |      0 |   3458 |   8963 |  14 | 1205.8 |
          Lair |   2232 |   2232 |      0 |    533 |    842 |   3 |  744.0 |
               +--------+--------+--------+--------+--------+-----+--------+

Top non-repeatable levels by time:
    D:14: 1835 daAuts
     D:8: 1714 daAuts
  Lair:2: 1539 daAuts
     D:7: 1484 daAuts
    D:13: 1429 daAuts
    D:11: 1292 daAuts
     D:6: 1237 daAuts
     D:2: 1190 daAuts
     D:9: 1159 daAuts
     D:4: 1067 daAuts
     D:1: 961 daAuts
    D:12: 956 daAuts
     D:3: 931 daAuts
     D:5: 830 daAuts
    D:10: 790 daAuts
